 Dungeon Crawl Stone Soup version 0.25-a0-420-g1cc7eeb0d1 (webtiles) character file.

Game seed: 13736488991397428242, levelgen mode: deterministic

322 tilp the Charmwright (level 6, -2/51 HPs)
             Began as a Gnoll Skald on Jan 18, 2020.
             Killed by divine providence
             ... invoked by an orc priest
              (12 damage)
             ... on level 4 of the Dungeon.
             The game lasted 00:06:25 (3535 turns).

tilp the Charmwright (Gnoll Skald)                  Turns: 3535, Time: 00:06:25

Health: -2/51      AC:  3    Str: 13    XL:     6   Next: 47%
Magic:  14/14      EV: 15    Int: 18    God:
Gold:   159        SH:  0    Dex: 14    Spells: 4/15 levels left

rFire    . . .     SeeInvis .   b - +0 hunting sling
rCold    . . .     Gourm    .   (no shield)
rNeg     . . .     Faith    .   t - +0 robe (curse)
rPois    .         Spirit   .   (no helmet)
rElec    .         Reflect  .   (no cloak)
rCorr    .         Harm     .   f - +0 pair of gloves
MR       .....                  (no boots)
Stlth    ++........             (no amulet)
HPRegen  0.17/turn              (no ring)
MPRegen  0.14/turn              (no ring)

@: infused
A: distributed training, fangs 1, strong nose
a: no special abilities


You were on level 4 of the Dungeon.
You were not hungry.

You visited 1 branch of the dungeon, and saw 4 of its levels.

You collected 159 gold pieces.

Inventory:

Hand Weapons
 a - a +0 falchion
 b - a +0 hunting sling (weapon)
 q - a +1 short sword of holy wrath
Missiles
 c - 84 stones (quivered)
 o - 54 bolts
 p - 11 poisoned darts
 s - 17 arrows
Armour
 f - a +0 pair of gloves (worn)
 g - a +0 ring mail
 h - a +0 leather armour
 k - a +0 buckler
 t - a cursed +0 robe (worn)
Jewellery
 v - an uncursed ring of fire
Wands
 y - a wand of random effects (15)
Scrolls
 e - a scroll of magic mapping {unknown}
 i - a scroll of identify {unknown}
 j - 3 scrolls of fear
 l - 2 scrolls of remove curse
 r - a scroll of blinking {unknown}
 x - a scroll of teleportation {unknown}
Potions
 m - a potion of invisibility {unknown}
 n - 2 potions of agility
 u - 2 potions of curing {unknown}
 w - a potion of heal wounds {unknown}
 z - a potion of magic {unknown}
 A - a potion of flight {unknown}
Comestibles
 d - 7 rations
 B - 5 chunks of flesh


   Skills:
 + Level 5.0 Fighting
 + Level 1.9 Short Blades
 + Level 5.0 Long Blades
 + Level 1.9 Axes
 + Level 1.9 Maces & Flails
 + Level 1.9 Polearms
 + Level 1.9 Staves
 + Level 1.9 Slings
 + Level 1.9 Bows
 + Level 1.9 Crossbows
 + Level 1.9 Throwing
 + Level 3.2 Armour
 + Level 5.0 Dodging
 + Level 1.9 Stealth
 + Level 1.9 Shields
 + Level 1.9 Unarmed Combat
 + Level 5.3 Spellcasting
 + Level 1.5 Conjurations
 + Level 1.5 Hexes
 + Level 5.6 Charms
 + Level 1.5 Summonings
 + Level 1.5 Necromancy
 + Level 1.5 Translocations
 + Level 1.5 Transmutations
 + Level 1.5 Fire Magic
 + Level 1.5 Ice Magic
 + Level 1.5 Air Magic
 + Level 1.5 Earth Magic
 + Level 1.5 Poison Magic
 + Level 2.1 Invocations
 + Level 1.9 Evocations


You had 4 spell levels left.
You knew the following spells:

 Your Spells              Type           Power        Failure   Level  Hunger
a - Infusion              Chrm           ####         1%          1    None
b - Song of Slaying       Chrm           ####....     1%          2    #......
c - Shroud of Golubria    Chrm/Tloc      ###...       4%          2    #......
d - Ozocubu's Armour      Chrm/Ice       ###.....     9%          3    ##.....
e - Spectral Weapon       Hex/Chrm       ###.....     9%          3    ##.....

Your spell library contained the following spells:

 Spells                   Type           Power        Failure   Level  Hunger


Dungeon Overview and Level Annotations

Branches:
Dungeon (4/15)
 Temple: D:4-7

Altars:


Innate Abilities, Weirdness & Mutations

Your experience applies equally to all skills.
You have very sharp teeth.
Your uncanny sense of smell can sniff out nearby items.


Message History

Press: ? - help, Shift-Dir - straight line, f/p - orc
Aim: an orc, wielding a +0 dagger (heavily wounded)
You shoot a stone. The stone hits the orc.
You kill the orc!
The adder bites you.
The orc priest hits you with a +0 short sword.
The adder misses you.
You are too injured to fight recklessly!
You are too injured to fight recklessly!
Unknown command.
The orc priest calls down the wrath of Beogh upon you.
Pain shoots through your body!
The orc priest mumbles some strange prayers to Beogh against you.
Beogh smites you!
* * * LOW HITPOINT WARNING * * *
The adder bites you.
* * * LOW HITPOINT WARNING * * *
The orc priest calls down the wrath of Beogh upon you.
Beogh smites you!
You die...

...#.#.#.(. ### #.......(#
....###........#
.....(.%.....(.# .....
#.)......# ....##....)...#
............##
#######........##
#....@S.o.o.....####
#.#####............###
#...............
#..)............
#.............#.
#....##.........
###############...###.........
.>............#.#.###.........
.........#......#.............


You could see 2 orc priests and an adder.

Vanquished Creatures
  A bullfrog zombie (D:3)
  A jelly (D:3)
  An orc priest (D:3)
  An orc wizard (D:3)
  An iguana (D:4)
  4 adders
  2 oozes
  An adder skeleton (D:4)
  2 worms (D:2)
  4 dart slugs
  2 leopard geckos
  13 orcs
  5 giant cockroaches
  15 goblins
  2 hobgoblins
  9 jackals
  12 kobolds
  2 quokkas
  4 ball pythons
  7 bats
  5 frilled lizards
  8 rats
102 creatures vanquished.

Notes
Turn   | Place    | Note
-------+----------+-------------------------------------------
     0 | D:1      | tilp the Gnoll Skald began the quest for the Orb.
     0 | D:1      | Reached XP level 1. HP: 20/20 MP: 6/6
   173 | D:1      | Reached XP level 2. HP: 21/26 MP: 7/7
   211 | D:1      | Learned a level 2 spell: Song of Slaying
   214 | D:1      | Learned a level 2 spell: Shroud of Golubria
   401 | D:1      | Reached XP level 3. HP: 28/31 MP: 3/9
   428 | D:1      | Reached skill level 5 in Spellcasting
   527 | D:1      | Reached skill level 1 in Invocations
   841 | D:2      | Reached skill level 1 in Short Blades
   841 | D:2      | Reached skill level 1 in Axes
   841 | D:2      | Reached skill level 1 in Maces & Flails
   841 | D:2      | Reached skill level 1 in Polearms
   841 | D:2      | Reached skill level 1 in Staves
   841 | D:2      | Reached skill level 1 in Slings
   841 | D:2      | Reached skill level 1 in Bows
   841 | D:2      | Reached skill level 1 in Crossbows
   841 | D:2      | Reached skill level 1 in Throwing
   841 | D:2      | Reached skill level 1 in Stealth
   841 | D:2      | Reached skill level 1 in Shields
   841 | D:2      | Reached skill level 1 in Unarmed Combat
   841 | D:2      | Reached skill level 1 in Evocations
   841 | D:2      | Reached XP level 4. HP: 31/38 MP: 11/11
   981 | D:2      | Learned a level 3 spell: Ozocubu's Armour
   985 | D:2      | Learned a level 3 spell: Spectral Weapon
  1996 | D:3      | Reached skill level 1 in Conjurations
  1996 | D:3      | Reached skill level 1 in Hexes
  1996 | D:3      | Reached skill level 1 in Summonings
  1996 | D:3      | Reached skill level 1 in Necromancy
  1996 | D:3      | Reached skill level 1 in Translocations
  1996 | D:3      | Reached skill level 1 in Transmutations
  1996 | D:3      | Reached skill level 1 in Fire Magic
  1996 | D:3      | Reached skill level 1 in Ice Magic
  1996 | D:3      | Reached skill level 1 in Air Magic
  1996 | D:3      | Reached skill level 1 in Earth Magic
  1996 | D:3      | Reached skill level 1 in Poison Magic
  2029 | D:3      | Reached XP level 5. HP: 12/43 MP: 10/12
  2626 | D:3      | Reached XP level 6. HP: 17/50 MP: 7/13
  3487 | D:4      | Reached skill level 5 in Fighting
  3487 | D:4      | Reached skill level 5 in Long Blades
  3487 | D:4      | Reached skill level 5 in Dodging
  3535 | D:4      | Killed from afar by an orc priest

Levels and vault maps discovered:
D:1:      matt_arrival_refuge, layout_loops_ring, minmay_misc_feat_columns
D:2:      layout_basic, first_ration
D:3:      layout_loops_ring
D:4:      layout_rooms, minmay_temple_entry_ruins, patterned_corridor

Skill      XL: |  1  2  3  4  5  6 |
---------------+-------------------+-----
Spellcasting   | 5 |  5.3
Invocations    | 1 2 |  2.1
Short Blades   | 1 |  1.9
Axes           | 1 |  1.9
Maces & Flails | 1 |  1.9
Polearms       | 1 |  1.9
Staves         | 1 |  1.9
Slings         | 1 |  1.9
Bows           | 1 |  1.9
Crossbows      | 1 |  1.9
Throwing       | 1 |  1.9
Stealth        | 1 |  1.9
Shields        | 1 |  1.9
Unarmed Combat | 1 |  1.9
Evocations     | 1 |  1.9
Conjurations   | 1 |  1.5
Hexes          | 1 |  1.5
Summonings     | 1 |  1.5
Necromancy     | 1 |  1.5
Translocations | 1 |  1.5
Transmutations | 1 |  1.5
Fire Magic     | 1 |  1.5
Ice Magic      | 1 |  1.5
Air Magic      | 1 |  1.5
Earth Magic    | 1 |  1.5
Poison Magic   | 1 |  1.5
Armour         | 3 |  3.2
Fighting       | 5 |  5.0
Long Blades    | 5 |  5.0
Dodging        | 5 |  5.0
Charms         | |  5.6

Action                   |  1- 3 |  4- 6 || total
-------------------------+-------+-------++-------
Melee: Falchion          |     5 |       ||     5
 Fire: Hunting sling     |   113 |   312 ||   425
 Cast: Shroud of Golubri |     1 |     3 ||     4
       Song of Slaying   |     1 |     2 ||     3
       Ozocubu's Armour  |       |     4 ||     4
       Infusion          |       |     4 ||     4
  Use: Scroll            |     1 |     1 ||     2
       Potion            |       |     1 ||     1
  Eat: Chunk             |       |     8 ||     8
Armor: Leather armour    |    19 |       ||    19
       Robe              |       |    35 ||    35
Dodge: Dodged            |    47 |   131 ||   178

Table legend:
 A = Non-vault XP
 B = Vault XP
 C = Vault XP percentage of total XP
 D = Non-vault monster count
 E = Vault monster count
 F = Vault count percentage of total count
                 A         B        C        D         E       F
            +---------+---------+-------+---------+---------+-------
      Total |     460 |       0 |   0.0 |     102 |       0 |   0.0
            +---------+---------+-------+---------+---------+-------
        D:1 |      59 |       0 |   0.0 |      33 |       0 |   0.0
        D:2 |      68 |       0 |   0.0 |      23 |       0 |   0.0
        D:3 |     239 |       0 |   0.0 |      34 |       0 |   0.0
        D:4 |      94 |       0 |   0.0 |      12 |       0 |   0.0
            +---------+---------+-------+---------+---------+-------
